 Dungeon Crawl Stone Soup version 0.29-a0-344-ge2f44be95a (webtiles) character file.

Game seed: 2902735774617774796

109 Shayle the Sneak (level 4, 0/27 HPs)
             Began as a Tengu Brigand on Apr 22, 2022.
             Slain by an orc wizard
             ... wielding a +0 dagger
              (1 damage)
             ... on level 3 of the Dungeon.
             The game lasted 00:04:33 (2004 turns).

Shayle the Sneak (Tengu Brigand)                    Turns: 2004, Time: 00:04:34

Health: 0/27       AC:  6    Str: 12    XL:     4   Next: 89%
Magic:  5/5        EV: 11    Int: 13    God:
Gold:   59         SH:  0    Dex: 15    Spells: 3/3 levels left

rFire   . . .      SeeInvis .   a - +2 dagger
rCold   . . .      Faith    .   (no shield)
rNeg    . . .      Spirit   .   o - +0 ring mail
rPois   .          Reflect  .   (helmet restricted)
rElec   .          Harm     .   c - +0 cloak
rCorr   .          Rampage  .   (no gloves)
Will    +....                   (boots unavailable)
Stlth   ++........              (no amulet)
HPRegen 0.09/turn               t - ring of willpower
MPRegen 0.09/turn               (no ring)

@: no status effects
A: beak, talons 3
a: no special abilities


You were on level 3 of the Dungeon.
You visited 1 branch of the dungeon, and saw 3 of its levels.

You collected 185 gold pieces.
You spent 126 gold pieces at shops.

Inventory:

Hand Weapons
 a - a +2 dagger (weapon)
Missiles
 d - 12 poisoned darts (quivered)
 e - 3 curare-tipped darts
 h - 5 javelins
 j - 6 silver boomerangs
Armour
 b - a +0 robe
 c - a +0 cloak (worn)
 o - a +0 ring mail (worn)
Jewellery
 t - a ring of willpower (left hand)
Scrolls
 f - 6 scrolls of teleportation {unknown}
 g - 3 scrolls of identify {unknown}
 i - 3 scrolls of enchant weapon {unknown}
 k - 2 scrolls of vulnerability {unknown}
 l - a scroll of summoning {unknown}
 m - a scroll of fog {unknown}
 p - a scroll of enchant armour {unknown}
 q - a scroll of amnesia {unknown}
 u - a scroll of noise {unknown}
 w - a scroll of immolation {unknown}
 x - a scroll of blinking {unknown}
Potions
 n - 3 potions of heal wounds
 r - a potion of invisibility {unknown}
 s - a potion of brilliance
 v - 2 potions of mutation {unknown}


   Skills:
 + Level 2.7 Fighting
 + Level 3.0 Short Blades
 + Level 2.8 Throwing
 + Level 2.3 Dodging
 + Level 4.5 Stealth


You had 3 spell levels left.
You didn't know any spells.
Your spell library contained the following spells:

 Spells                   Type           Power      Damage    Failure   Level
 Freezing Cloud           Conj/Ice/Air   0%         6-21      100%        5
 Simulacrum               Ice/Necr       0%         N/A       100%        6
 Polar Vortex             Ice            0%         N/A       100%        9


Dungeon Overview and Level Annotations

Branches:
Dungeon (3/15)

Altars:

Shops:
D:2 !   D:3 :


Innate Abilities, Weirdness & Mutations

You have a beak for a mouth.
You have claws for feet.


Message History

You hit something. Your kick misses something. Something hits you.
You hit something. Your kick misses something. You barely miss something.
You claw something. You peck something.
You hear some strange, mumbled words.
A magic dart appears from out of thin air!
The magic dart hits you.
You barely miss something. Something hits you.
You miss something. Your kick misses something. Your peck misses something.
You hear some strange, mumbled words.
A puff of flame appears from out of thin air!
The puff of flame hits you.
* * * LOW HITPOINT WARNING * * *
You miss something. You claw something.
Reactivating autopickup.
You feel a bit more experienced.
The orc wizard mumbles some strange words.
The orc wizard flickers and vanishes!
Deactivating autopickup; reactivate with Ctrl-A.
Your Short Blades skill increases to level 3!
You feel much better.
You miss something. Your kick misses something.
You hear some strange, mumbled words.
A magic dart appears from out of thin air!
The magic dart hits you but does no damage.
You hit something but do no damage.
You hear some strange, mumbled words.
A magic dart appears from out of thin air!
The magic dart hits you!
You miss something. You hit something. Something hits you.
You closely miss something. Something hits you.
You hit something. You claw something. Something hits you but does no damage.
You hit something. Your kick misses something. Something hits you.
You hit something but do no damage. You claw something.
You hear some strange, mumbled words.
A puff of flame appears from out of thin air!
The puff of flame hits you!
* * * LOW HITPOINT WARNING * * *
You closely miss something. You claw something. Something hits you.
You die...

#.# #.# ##.###.## #.#
#.####### ##...## #.#
#..............## #.#
###.....########.# #.#
#...........####.# ..
#.###...†...##.......#
#.# #......#........##
### #.#
#####.<...####...####
#.# #.#.#..@{o......#
#.#
#.#.######...##.####.#
#.... .o.............#
#.......o...######...###
############# #......
#...### #####


You could see an orc.

Vanquished Creatures
  An orc wizard (D:3)
  4 adders
  2 dart slugs (D:1)
  4 orcs
  2 bats
  3 endoplasms
  3 giant cockroaches
  A goblin (D:1)
  7 hobgoblins
  A quokka (D:2)
  2 ball pythons (D:1)
  5 frilled lizards
  2 kobolds
  5 rats (D:2)
42 creatures vanquished.

Notes
Turn   | Place    | Note
-------+----------+-------------------------------------------
     0 | D:1      | Shayle the Tengu Brigand began the quest for the Orb.
     0 | D:1      | Reached XP level 1. HP: 12/12 MP: 2/2
   372 | D:1      | Reached XP level 2. HP: 16/17 MP: 3/3
   730 | D:1      | Found a faded altar of an unknown god.
  1024 | D:2      | Reached XP level 3. HP: 22/22 MP: 4/4
  1193 | D:2      | Found Myqo's Distillery.
  1201 | D:2      | Bought a potion of heal wounds for 70 gold pieces
  1201 | D:2      | Bought a potion of brilliance for 56 gold pieces
  1555 | D:3      | Found Cumiul's Book Emporium.
  1575 | D:3      | Reached XP level 4. HP: 20/27 MP: 5/5
  2003 | D:3      | HP: 1/27 [something/puff of flame (11)]
  2004 | D:3      | Slain by an orc wizard

Illustrated notes

Levels and vault maps discovered:
D:1:      onia_arrival_pyramid, layout_basic,
          shapermc_ecumenical_altar_starsandcircs, grunt_decor_fettered
D:2:      layout_rooms, serial_shops, shop
D:3:      layout_loops_ring, serial_shops, shop, kennysheep_generic_room_2

Skill      XL: |  1  2  3  4 |
---------------+-------------+-----
Dodging        | 2 |  2.3
Short Blades   | 3 |  3.0
Fighting       | |  2.7
Throwing       | |  2.8
Stealth        | |  4.5

Action                   |  1- 3 |  4- 6 || total
-------------------------+-------+-------++-------
Melee: Dagger            |    69 |    35 ||   104
       Kick              |    18 |    15 ||    33
       Peck              |    13 |     6 ||    19
  Use: Potion            |       |     1 ||     1
 Stab: Sleeping          |     7 |       ||     7
Armor: Robe              |     4 |       ||     4
       Ring mail         |    15 |     8 ||    23
Dodge: Dodged            |    31 |     8 ||    39

Table legend: (Time is in decaauts)
 A = Elapsed time spent in this place.
 B = Non-inter-level travel time spent in this place.
 C = Inter-level travel time spent in this place.
 D = Time resting spent in this place.
 E = Time spent auto-exploring this place.
 F = Levels seen in this place.
 G = Mean time per level.
                   A        B        C        D        E       F      G
               +--------+--------+--------+--------+--------+-----+--------+
         Total |   1992 |   1928 |     64 |    127 |   1286 |   3 |  664.0 |
       Dungeon |   1992 |   1928 |     64 |    127 |   1286 |   3 |  664.0 |
               +--------+--------+--------+--------+--------+-----+--------+

Top non-repeatable levels by time:
     D:1: 984 daAuts
     D:3: 537 daAuts
     D:2: 470 daAuts
